AoeStats
← Bandolero

Arabia

507835589Analyzed
1v1 RM · 12d ago on Sep 19, 2026· 45m 11s· 2 players
Game mode
Random Map
Map size
Tiny (2 player)
Population
200
Speed
Normal
Resources
Standard
Victory
Conquest
Starting age
Dark Age
Ending age
Imperial Age
RankedLock teamsTeams togetherTeam positionsShared explorationLock speedFull tech treeHidden civsTurbo modeCheats
Victory
Defeat
🇦🇷 Maya · Argentina
1392
+16
🇪🇸 Magyars · Spain
1402
-16
Bandolero
0:26 Loom
8:54 Feudal Age
9:25 Double-Bit Axe
13:54 Fletching
20:57 Castle Age
19:18 Gold Mining
20:02 Padded Archer Armor
21:11 Crossbowman
21:49 Bodkin Arrow
23:25 Bow Saw
25:31 Wheelbarrow
24:46 Town Watch
25:18 Leather Archer Armor
25:27 Stone Mining
29:14 Ballistics
29:16 Hand Cart
30:20 Horse Collar
35:47 Imperial Age
34:19 Thumb Ring
34:35 Eagle Warrior
36:14 Stone Shaft Mining
36:02 Scale Mail Armor
36:13 Forging
36:04 Arbalester
38:49 Chain Mail Armor
39:44 Chemistry
39:30 Conscription
40:31 Plate Mail Armor
40:54 Bracer
41:05 Elite Eagle Warrior
43:20 Iron Casting
43:58 Ring Archer Armor
45:20 Holcans
44:54 Squires
Sir_Piñeiro
7:25 Loom
9:40 Feudal Age
9:50 Man-at-Arms
11:37 Town Watch
14:15 Double-Bit Axe
17:11 Padded Archer Armor
18:42 Wheelbarrow
22:54 Castle Age
21:22 Gold Mining
21:50 Fletching
23:01 Elite Skirmisher
23:58 Leather Archer Armor
23:41 Bodkin Arrow
25:34 Ballistics
27:08 Husbandry
30:44 Bow Saw
31:00 Bloodlines
34:22 Horse Collar
35:47 Leather Archer Armor
40:58 Imperial Age
38:51 Long Swordsman
40:00 Scale Mail Armor
40:55 Masonry
41:02 Two-Handed Swordsman
43:33 Chain Mail Armor
Connection lost

Rejoining the realm…

Still unreachable

The connection could not be restored.

Session expired

The server has moved on; the page needs a fresh start.